 Dungeon Crawl Stone Soup version 0.31.0-12-g77e489cdc1 (webtiles) character file.

Game seed: 9433948432414401987

3154 Democracy123 the Fighter (level 10, -13/88 HPs)
             Began as a Formicid Fighter on Feb 11, 2024.
             Was a High Priest of Cheibriados.
             Mangled by a meliai simulacrum (20 damage)
             ... on level 15 of the Dungeon.
             The game lasted 00:27:10 (8552 turns).

Democracy123 the Fighter (Formicid Fighter)         Turns: 8552, Time: 00:27:11

Health: -13/88     AC: 10    Str: 38    XL:     10   Next: 15%
Magic:  11/11      EV: 10    Int: 21    God:    Cheibriados [*****.]
Gold:   680        SH:  8    Dex: 38    Spells: 9/9 levels left

rFire   . . .        a - +0 war axe
rCold   . . .        c - +0 buckler
rNeg    . . .        F - +2 ring mail {Will+}
rPois   .            (helmet unavailable)
rElec   .            p - +0 cloak
rCorr   .            (no gloves)
SInv    +            G - +0 pair of boots
Will    ++...        (no amulet)
Stlth   +++          l - +6 ring of dexterity
HPRegen 0.34/turn    x - +6 ring of dexterity
MPRegen 0.12/turn

%: no passive effects
@: very slow
A: permanent stasis, dig shafts and tunnels, antennae 3, four strong arms
a: Dig, Shaft Self, Renounce Religion, Bend Time, Temporal Distortion, Slouch,
Step From Time


You were on level 15 of the Dungeon.
You worshipped Cheibriados.
Cheibriados was extremely pleased with you.
You visited 2 branches of the dungeon, and saw 14 of its levels.

You collected 680 gold pieces.

Inventory:

Hand Weapons
 a - a +0 war axe (weapon)
 D - a +0 double sword
Missiles
 g - 86 stones
 q - 44 poisoned darts (quivered)
Armour
 b - a +0 scale mail
 c - a +0 buckler (worn)
 m - an orb of energy
 p - a +0 cloak (worn)
 F - a +2 ring mail of willpower (worn)
 G - a +0 pair of boots (worn)
 H - a +0 troll leather armour
Jewellery
 l - a +6 ring of dexterity (left hand)
 x - a +6 ring of dexterity (right hand)
 I - a ring of fire
Wands
 w - a wand of charming (4)
 E - a wand of quicksilver (2)
Scrolls
 e - a scroll of fog {unknown}
 j - a scroll of silence {unknown}
 n - 4 scrolls of poison
 o - a scroll of fear
 r - 4 scrolls of amnesia {unknown}
 v - 2 scrolls of vulnerability
 y - a scroll of immolation
 z - a scroll of enchant armour {unknown}
 C - a scroll of revelation {unknown}
Potions
 d - 2 potions of curing
 f - a potion of lignification {unknown}
 h - 2 potions of heal wounds {unknown}
 i - 3 potions of ambrosia {unknown}
 k - a potion of invisibility {unknown}
 s - a potion of resistance {unknown}
 t - a potion of attraction {unknown}
 u - 2 potions of degeneration {unknown}
 A - a potion of berserk rage {unknown}


   Skills:
 * Level 11.2 Fighting
 + Level 8.5 Axes
 - Level 4.2 Armour
 - Level 2.3 Stealth
 - Level 5.1 Shields
 - Level 2.3 Invocations


You had 9 spell levels left.
You didn't know any spells.
Your spell library contained the following spells:

 Spells                   Type           Power      Damage    Failure   Level
 Ensorcelled Hibernation  Hex/Ice        0%         N/A       36%         2
 Dazzling Flash           Conj/Hex       0%         N/A       61%         3
 Fugue of the Fallen      Necr           0%         N/A       61%         3
 Mephitic Cloud           Conj/Alch/Air  0%         N/A       61%         3
 Anguish                  Hex/Necr       0%         N/A       95%         4
 Animate Armour           Summ/Erth      0%         N/A       95%         4
 Summon Lightning Spire   Summ/Air       0%         N/A       95%         4
 Curse of Agony           Necr           0%         N/A       100%        5
 Lee's Rapid Deconstruct  Erth           0%         3d4*      100%        5
 Silence                  Hex/Air        0%         N/A       100%        5


Dungeon Overview and Level Annotations

Branches:
Dungeon (13/15)            Temple (1/1) D:5
   Lair: D:8-11         Orc: D:9-12      Vaults: D:13-14

Altars:
Ashenzari
Cheibriados
Dithmenos
Elyvilon
Fedhas
Gozag
Hepliaklqana
Kikubaaqudgha
Makhleb
Nemelex Xobeh
Okawaru
Qazlal
Ru
Sif Muna
Trog
Uskayaw
Vehumet
Wu Jian
Xom
Zin
The Shining One

Shops:
D:6 *

Annotations:
D:7 exclusion: troll
D:9 exclusions: downstairs and yak
D:10 exclusion: downstairs


Innate Abilities, Weirdness & Mutations

You cannot be hasted, slowed, berserked, paralysed or teleported.
You can dig through walls and to a lower floor.
You have a pair of large antennae on your head. (SInv)
Your four strong arms can wield two-handed weapons with a shield.


Message History

A meliai simulacrum comes into view.
The gargoyle hurls a stone arrow at you.
The stone arrow hits you!!
The meliai simulacrum moves out of view.
You extend your mandibles.
You can't dig through that.
Unknown command.
Unknown command.
Unknown command.
Found a glowing sling.
As you read the scroll of fear, it crumbles to dust.
You assume a fearsome visage.
The sun demon looks frightened!
The deep elf pyromancer looks frightened!
The deep elf pyromancer shouts!
The gargoyle is unaffected.
The gargoyle hurls a stone arrow at you.
You block the stone arrow.
The deep elf pyromancer begs for mercy.
The deep elf pyromancer mumbles some strange words.
The deep elf pyromancer blinks!
Found an ichor-stained staff.
The gargoyle hurls a stone arrow at you.
The stone arrow misses you.
The deep elf pyromancer gestures wildly while chanting.
The deep elf pyromancer blinks!
The meliai simulacrum hits you. The meliai simulacrum freezes you!
The meliai simulacrum hits you. The meliai simulacrum freezes you!
* * * LOW HITPOINT WARNING * * *
The meliai simulacrum hits you but does no damage.
The meliai simulacrum hits you.
* * * LOW HITPOINT WARNING * * *
The meliai simulacrum freezes you!
* * * LOW HITPOINT WARNING * * *
The gargoyle hurls a stone arrow at you.
The stone arrow misses you.
The stone arrow hits the meliai simulacrum!
The meliai simulacrum hits you.
* * * LOW HITPOINT WARNING * * *
The meliai simulacrum freezes you!!
You die...

##### #.|.# #...#
#...#
#########@Z.####
#...#.9.........#
#.....#...#....3#
#...#...........#
#...##.##...##.##
....{ ...#...# .#
#...# ....#.#...
# ....
.....#.).#.. ###
..#########..


You could see a sun demon (fleeing), a gargoyle and a meliai simulacrum.

Vanquished Creatures
  An ugly thing (D:11)
  A troll (D:11)
  Grinder (D:4)
  Prince Ribbit (D:5)
  A wraith (D:10)
  A basilisk (D:13)
  An ice beast (D:5)
  A black bear (D:5)
  3 centaurs
  4 kobold brigands
  2 scorpions
  5 killer bees
  4 jellies
  A gnoll bouda (D:4)
  2 hounds
  Ijyb (D:5)
  A sleepcap (D:5)
  2 orc priests (D:5)
  5 iguanas
  7 orc wizards
  6 adders
  4 gnolls (D:4)
  A white imp (D:5)
  3 dart slugs
  A ribbon worm (D:4)
  27 orcs
  7 ball pythons
  13 endoplasms
  3 giant cockroaches
  8 hobgoblins
  4 jackals (D:1)
  26 kobolds
  8 quokkas
  5 bats
  3 frilled lizards (D:3)
  4 goblins
  9 rats
177 creatures vanquished.

Vanquished Creatures (others)
  An orc (D:10)
1 creature vanquished.

Grand Total: 178 creatures vanquished

Notes
Turn   | Place    | Note
-------+----------+-------------------------------------------
     0 | D:1      | Democracy123 the Formicid Fighter began the quest for the
                  | Orb.
     0 | D:1      | Reached XP level 1. HP: 18/18 MP: 1/1
    15 | D:3      | You fall into a shaft and drop 2 floors!
    15 | D:5      | Entered Level 5 of the Dungeon
    15 | D:5      | Found a staircase to the Ecumenical Temple.
    22 | Temple   | Entered the Ecumenical Temple
    86 | Temple   | Became a worshipper of Cheibriados the Contemplative
   133 | D:5      | Reached XP level 2. HP: 23/24 MP: 2/2
   295 | D:3      | Reached XP level 3. HP: 29/29 MP: 3/3
   654 | D:1      | Reached * piety under Cheibriados
   738 | D:1      | Reached XP level 4. HP: 36/37 MP: 4/4
   884 | D:1      | Found a faded altar of an unknown god.
  1682 | D:2      | Reached ** piety under Cheibriados
  1888 | D:2      | Identified the +0 leather armour "Hoot" {rF+ Will+ MP+9
                  | Str+3}
  2169 | D:3      | Reached skill level 4 in Fighting
  2169 | D:3      | Reached skill level 5 in Shields
  2169 | D:3      | Reached XP level 5. HP: 26/39 MP: 5/5
  2470 | D:3      | Found an iron altar of Okawaru.
  2631 | D:3      | Found a bloodstained altar of Trog.
  3054 | D:4      | Reached *** piety under Cheibriados
  3114 | D:4      | Reached XP level 6. HP: 40/49 MP: 6/6
  3150 | D:4      | Noticed Grinder
  3170 | D:4      | Killed Grinder
  3171 | D:4      | Reached skill level 5 in Fighting
  3171 | D:4      | Reached XP level 7. HP: 40/57 MP: 7/7
  3297 | D:4      | Reached skill level 6 in Fighting
  3465 | D:4      | You fall into a shaft and drop 2 floors!
  3465 | D:6      | Found a broken altar of Ashenzari.
  3488 | D:6      | Found Sasm's Assorted Antiques.
  3596 | D:6      | Found a shimmering altar of Xom.
  3741 | D:5      | Noticed Prince Ribbit
  3980 | D:4      | Found a white marble altar of Elyvilon.
  3980 | D:4      | Found an iron altar of Okawaru.
  3980 | D:4      | Found a shadowy altar of Dithmenos.
  3980 | D:4      | Found a shimmering altar of Xom.
  3980 | D:4      | Found a stormy altar of Qazlal.
  3980 | D:4      | Found an ornate altar of the Wu Jian Council.
  3982 | D:4      | Reached **** piety under Cheibriados
  3988 | D:4      | Reached skill level 7 in Fighting
  4138 | D:4      | Reached XP level 8. HP: 65/65 MP: 8/8
  4217 | D:4      | Found a blossoming altar of Fedhas.
  4360 | D:5      | Noticed Ijyb
  4369 | D:5      | You fall into a shaft and drop 2 floors!
  4830 | D:6      | Reached skill level 5 in Axes
  4931 | D:5      | Reached skill level 8 in Fighting
  5356 | D:5      | Killed Prince Ribbit
  5357 | D:5      | Reached skill level 9 in Fighting
  5357 | D:5      | Reached XP level 9. HP: 55/76 MP: 9/9
  5467 | D:5      | Reached skill level 1 in Invocations
  5467 | D:5      | Reached ***** piety under Cheibriados
  5799 | D:5      | Killed Ijyb
  6642 | D:7      | Noticed a troll
  6666 | D:7      | You fall into a shaft and drop 2 floors!
  6738 | D:10     | Entered Level 10 of the Dungeon
  6744 | D:9      | Reached skill level 1 in Stealth
  6751 | D:10     | Noticed a kobold demonologist
  6803 | D:9      | Reached skill level 10 in Fighting
  7140 | D:10     | You fall into a shaft and drop 2 floors!
  7141 | D:12     | Found a hide-covered altar of Uskayaw.
  7141 | D:12     | Noticed a cyclops
  7144 | D:11     | Noticed a troll
  7151 | D:11     | Killed a troll
  7354 | D:11     | Noticed a brown ugly thing
  7361 | D:11     | Killed a brown ugly thing
  7507 | D:10     | Reached XP level 10. HP: 56/86 MP: 11/11
  7873 | D:11     | Noticed a komodo dragon
  7891 | D:11     | Noticed a two-headed ogre
  7899 | D:10     | Reached skill level 11 in Fighting
  7911 | D:10     | You fall into a shaft and drop 3 floors!
  8141 | D:13     | Noticed a brown ugly thing
  8230 | D:13     | Noticed a manticore
  8386 | D:13     | Noticed a five-headed hydra
  8404 | D:13     | You fall into a shaft and drop 2 floors!
  8404 | D:15     | Entered Level 15 of the Dungeon
  8547 | D:15     | Noticed a deep elf pyromancer
  8547 | D:15     | Noticed a gargoyle
  8548 | D:15     | Noticed a sun demon
  8552 | D:15     | Mangled by a meliai simulacrum

Illustrated notes

Levels and vault maps discovered:
D:1:      minmay_arrival_floating_metal, layout_basic,
          ebering_ecumenical_altar_hall
D:2:      layout_basic, minmay_gold_behind_fungi
D:3:      layout_loops_ring, trog_butcher_becter, lemuel_coloured_pillars_altar
D:4:      cheibrodos_fertilizer, layout_loops_ring,
          nicolae_overflow_crystal_walls, uniq_grinder
D:5:      layout_loops_ring, minmay_temple_entry_wispy, uniq_prince_ribbit1,
          uniq_ijyb
D:6:      layout_rooms, mainiacjoe_overflow_tiny_flanked,
          ashenzari_conservatory_becter, serial_shops,
          nicolae_shop_tiny_waterfront
D:7:      layout_gridville
D:9:      layout_basic, dk_yredelemnul_ordeal, orc_0_dummy, uniq_harold
D:10:     nzn_winding_woodlands_cross [nzn_winding_woodlands_5x15_pool,
          nzn_winding_woodlands_5x15_pathside_ponds,
          nzn_winding_woodlands_5x15_longhouse,
          nzn_winding_woodlands_5x15_jagged,
          nzn_winding_woodlands_15x15_eel_pit], layout_loops_corners,
          serial_shops, shop
D:11:     layout_roguey, vehumet_statue, uniq_nergalle
D:12:     layout_rooms, serial_shops, nicolae_shop_trees, grunt_ministairs_2,
          hangedman_feature_mirror, minmay_misc_feat_plants,
          nicolae_looking_at_the_future
D:13:     layout_loops_corners, serial_shops, shop,
          portal_ice_cave_entry_pillars_2
D:15:     hangedman_crystal_crosses_colossus [crystal_crosses_arms_two,
          crystal_crosses_arms_two, crystal_crosses_arms_one]
Temple:   nicolae_temple_no_exploring_needed

Skill      XL: |  1  2  3  4  5  6  7  8  9 10 |
---------------+-------------------------------+-----
Armour         | 4 |  4.2
Fighting       | 4 5 7 9 10 11 | 11.2
Shields        | 5 |  5.1
Axes           | 3 4 6 8 |  8.5
Invocations    | 2 |  2.3
Stealth        | 2 |  2.3

Action                     |  1- 3 |  4- 6 |  7- 9 | 10-12 || total
---------------------------+-------+-------+-------+-------++-------
  Melee: War axe           |    64 |   131 |   257 |    25 ||   477
  Throw: Dart              |       |       |     7 |       ||     7
 Invoke: Bend Time         |       |       |     2 |     2 ||     4
Ability: Shaft Self        |     1 |       |     4 |     2 ||     7
         Dig               |       |     1 |     3 |     1 ||     5
  Evoke: Wand              |       |     6 |     6 |     3 ||    15
    Use: Scroll            |       |       |     6 |     1 ||     7
         Potion            |       |       |     7 |       ||     7
   Stab: Sleeping          |       |       |     4 |     2 ||     6
         Distracted        |       |       |     1 |       ||     1
 Armour: Scale mail        |    63 |    78 |   120 |       ||   261
         Ring mail         |       |       |    80 |    43 ||   123
  Dodge: Dodged            |    29 |    59 |   138 |    22 ||   248
  Block: Buckler           |    20 |    38 |   128 |    20 ||   206
